 Dungeon Crawl Stone Soup version 0.19.4 (webtiles) character file.

155699 Malhgor the Executioner (level 17, -9/241 HPs)
             Began as a Hill Orc Berserker on Feb 4, 2017.
             Was the Champion of Trog.
             Mangled by Mara
             ... wielding a +2 demon trident of pain
              (19 damage)
             ... on level 4 of the Spider Nest.
             The game lasted 02:21:20 (26462 turns).

Malhgor the Executioner (Hill Orc Berserker)       Turns: 26462, Time: 02:21:21

Health: -9/241     AC: 31    Str: 38    XL:     17   Next: 65%
Magic:  7/22       EV: 17    Int:  7    God:    Trog [******]
Gold:   1876       SH: 14    Dex: 28    Spells: 0 memorised, 16 levels left

rFire  x . .     SeeInvis .     w - +9 war axe "Cefeec" {flame, MR+}
rCold  . . .     Gourm    .     t - +4 plate armour of the Farrier {Str+2 Dex+4}
rNeg   . . .     Faith    .     y - +0 shield {reflect}
rPois  +         Spirit   .     P - +0 helmet
rElec  +         Reflect  +     a - +2 cloak "Axat" {Regen+ Dex+6}
rCorr  +         Harm     .     J - +2 pair of gloves {archery}
MR     ++...                    f - +0 pair of boots
Stlth  ..........               p - amulet of regeneration
                                W - ring of poison resistance
                                k - ring of Etynit {rCorr rElec rF- Str+9 Dex+3}

@: berserking, studying Polearms, very quick
A: no striking features
a: Berserk, Trog's Hand, Brothers in Arms, Burn Spellbooks, Renounce Religion


You were on level 4 of the Spider Nest.
You worshipped Trog.
Trog was exalted by your worship.
You were not hungry.

You visited 6 branches of the dungeon, and saw 29 of its levels.

You collected 2660 gold pieces.
You spent 784 gold pieces at shops.

Inventory:

Hand Weapons
 q - a +3 fustibalus of flaming
 w - the +9 war axe "Cefeec" (weapon) {flame, MR+}
   (Trog gifted it to you on level 1 of the Spider Nest)

   It has been specially enchanted to burn those struck by it, causing extra
   injury to most foes and up to half again as much damage against particularly
   susceptible opponents.
   Big, fiery blades are also staple armaments of hydra-hunters.
   It affects your resistance to hostile enchantments.
Missiles
 e - 4 steel javelins
 m - 3 throwing nets
 B - 6 silver tomahawks
 L - 8 silver javelins (quivered)
 Y - 44 tomahawks
Armour
 a - the +2 cloak "Axat" (worn) {Regen+ Dex+6}
   (You acquired it on level 2 of the Lair of Beasts)

   It affects your dexterity (+6).
   It increases your rate of regeneration.
 f - a +0 pair of boots (worn)
 i - a +10 plate armour of ponderousness
 t - the +4 plate armour of the Farrier (worn) {Str+2 Dex+4}
   (You bought it in a shop on level 2 of the Orcish Mines)

   It affects your strength (+2).
   It affects your dexterity (+4).
 y - a +0 shield of reflection (worn)
 J - a +2 pair of gloves of archery (worn)
 P - a +0 helmet (worn)
Jewellery
 h - an uncursed ring of protection from magic
 k - the ring of Etynit (left hand) {rCorr rElec rF- Str+9 Dex+3}
   (You found it on level 1 of the Lair of Beasts)

   [ring of resist corrosion]

   It affects your strength (+9).
   It affects your dexterity (+3).
   It makes you vulnerable to fire.
   It insulates you from electricity.
 p - an amulet of regeneration (around neck)
 s - an uncursed ring of protection from fire
 u - an uncursed ring of protection from cold
 K - an uncursed ring of flight
 W - a ring of poison resistance (right hand)
Wands
 C - a wand of digging (13/24)
 E - a wand of flame (32/48)
 H - a wand of lightning (10/15)
 R - a wand of disintegration (8/24)
Scrolls
 g - a scroll of fear
 l - 5 scrolls of magic mapping
 z - 8 scrolls of remove curse
 F - 5 scrolls of fog
 G - 17 scrolls of identify
 Q - 4 scrolls of teleportation
 S - 5 scrolls of blinking
Potions
 j - 15 potions of curing
 r - 6 potions of lignification
 O - 4 potions of heal wounds
 U - a potion of cancellation
Books
 b - a manual of Polearms
Miscellaneous
 n - a sack of spiders
 M - a lamp of fire
Comestibles
 c - 19 bread rations
 d - 2 chunks of flesh
 o - a meat ration


   Skills:
 * Level 17.0 Fighting
 - Level 21.0 Axes
 - Level 6.4 Throwing
 + Level 14.6 Armour
 + Level 10.6 Dodging
 * Level 8.1 Shields
 - Level 6.6 Evocations


You had 16 spell levels left.
You didn't know any spells.

Dungeon Overview and Level Annotations

Branches:
Dungeon (15/15)            Temple (1/1) D:6            Lair (6/6) D:10
  Swamp (0/4) Lair:2       Spider (4/4) Lair:2        Slime (0/5) Lair:5
    Orc (2/2) D:12            Elf (1/3) Orc:2        Vaults (0/5) D:13
 Depths (0/5) D:15

Altars:
Ashenzari
Cheibriados
Dithmenos
Elyvilon
Fedhas
Gozag
Hepliaklqana
Kikubaaqudgha
Makhleb
Nemelex Xobeh
Okawaru
Qazlal
Ru
Sif Muna
Trog
Uskayaw
Vehumet
Xom
Yredelemnul
Zin
The Shining One
Beogh

Shops:
D:12 %   D:13 (   D:15 (   Orc:2 [[?[

Portals:
Hell: Lair:6

Annotations:
D:1 Done
D:2 Done
D:3 Done
D:4 Done
D:5 Done
D:6 Done
D:7 Done
D:8 Done
D:9 Done
D:10 Done
D:11 Done
D:12 Done
D:13 Done
D:14 Done
D:15 Done
Lair:1 Done
Lair:2 Done
Lair:3 Done
Lair:4 Done
Lair:5 Done, exclusion: 3 oklob plants
Lair:6 Done
Spider:1 Done
Spider:4 Mara
Orc:1 Done
Orc:2 Done


Message History

Malhgor's illusion burns you!!
* * * LOW HITPOINT WARNING * * *
You hear an angry hiss.
You miss Mara.
Mara is moderately wounded.
You slice Mara!! You hit Malhgor's illusion. You burn Malhgor's illusion.
You block Mara's attack. x2; You block Malhgor's illusion's attack.
You barely miss Mara.
Mara is moderately wounded.
You slash Mara! You burn Mara. You barely miss Malhgor's illusion.
You cut Mara into ribbons!!! You burn Mara.
Mara is moderately wounded.
You closely miss Mara.
You hit Malhgor's illusion but do no damage.
Malhgor's illusion hits you!!
* * * LOW HITPOINT WARNING * * *
Malhgor's illusion burns you!
* * * LOW HITPOINT WARNING * * *
Mara hits you from afar with a demon trident of pain!!
You die...

#≈.^.#..≈≈≈≈#
#......^≈^^≈#
#≈.....≈.≈#.+
###....^≈^≈≈#
#≈##....^≈≈≈#
#.††^^s.≈≈≈##
#..^R$..≈≈≈≈##
#..R.#†.†≈≈≈≈####
#..§@...≈≈≈≈≈≈≈≈≈
##..@R.....≈≈≈≈≈≈≈
#≈.#.......≈≈≈≈≈≈≈
#≈........#.#.....
##.^......##......
##.#.$....≈......
#^#†##.≈..#.^.^.
##^^...≈.≈##^#..
####.........


You could see 3 Maras, an orb spider and Malhgor's illusion (berserk).

Vanquished Creatures
  Arachne (Spider:2)
  Rupert (Spider:1)
  Kirke (Spider:2)
  Donald (Spider:1)
  3 ghost moths
  The ghost of Chiseanne the Champion of Chaos, a journeyman DsWn of Makhleb (Spider:4)
  2 emperor scorpions
  2 entropy weavers
  Nessos (D:15)
  A dire elephant (Lair:6)
  A spark wasp (Spider:4)
  Josephine (Lair:4)
  A vault guard (D:13)
  Harold (Lair:3)
  7 hydras
  3 catoblepae
  A hell beast (Lair:6)
  3 centaur warriors
  An ogre mage (D:15)
  The ghost of Thrillho the Thaumaturge, a journeyman DEFE of Vehumet (D:10)
  A death yak (D:10)
  3 tengu warriors
  3 orc high priests (Orc:2)
  Sonja (Lair:2)
  A wizard (Lair:6)
  3 unseen horrors (D:14)
  9 hill giants
  32 wolf spiders
  2 deep elf magi (D:15)
  Pikel (D:5)
  A necromancer (Lair:4)
  14 orb spiders
  5 orc knights (Orc:2)
  9 orc sorcerers
  23 ugly things
  3 slime creatures (D:14)
  5 cyclopes
  3 manticores
  16 elephants
  4 black mambas
  3 centaur zombies
  5 orange demons
  3 centaur skeletons
  A gargoyle (D:14)
  3 torpor snails
  10 spiny frogs
  5 rime drakes
  4 freezing wraiths
  15 demonic crawlers
  11 komodo dragons
  An ice devil (Lair:5)
  2 tengu conjurers
  2 red devils (Lair:6)
  A hellwing (Lair:6)
  26 jumping spiders
  6 trolls
  3 meliai (Spider:2)
  3 polar bears
  A queen bee (Spider:2)
  4 tyrant leeches (Lair:2)
  6 two-headed ogres
  5 hornets
  6 blink frogs
  9 dream sheep
  7 hippogriffs
  Sigmund (D:2)
  50 redbacks
  7 wraiths
  32 yaks
  A spriggan (D:10)
  19 tarantellas
  2 basilisks
  A vampire (D:14)
  A wyvern (D:14)
  6 hogs (Spider:2)
  A hog (shapeshifter) (D:15)
  3 vampire mosquitoes (D:15)
  4 wargs
  A mottled dragon (D:14)
  A soldier ant (D:13)
  4 porcupines
  Duvessa (D:7)
  A hell hound (Lair:6)
  14 water moccasins
  19 orc warriors
  5 ice beasts
  3 sky beasts
  2 black bears
  3 eyes of draining
  18 ogres
  2 phantoms
  10 centaurs
  15 wolves
  15 crocodiles
  2 big kobolds
  18 bullfrogs
  Dowan (D:7)
  6 scorpions
  25 killer bees
  4 howler monkeys
  5 wights (D:15)
  5 electric eels
  8 crimson imps
  A bullfrog zombie (D:10)
  10 hounds
  A quasit (D:13)
  17 orc priests
  6 jellies
  25 orc wizards
  5 bullfrog skeletons
  4 iguanas
  A hell rat (D:10)
  A polar bear simulacrum (Lair:4)
  20 worker ants
  A yak simulacrum (Lair:4)
  4 wolf simulacra (Lair:4)
  2 bullfrog simulacra (D:10)
  2 hound skeletons
  3 worker ant zombies
  8 gnolls
  A river rat (D:10)
  12 adders
  A howler monkey skeleton (D:4)
  5 shadow imps
  3 oozes
  2 adder skeletons
  An adder zombie (D:7)
  6 worms
  3 dart slugs
  8 leopard geckos
  68 orcs
  A ball python (D:7)
  4 giant cockroaches
  6 goblins
  4 hobgoblins
  7 jackals
  12 kobolds
  4 quokkas
  7 bats
  2 frilled lizards
  A leopard gecko zombie (D:5)
  5 rats
  5 river rat simulacra (Lair:4)
  6 fungi
  A plant (Lair:6)
917 creatures vanquished.

Vanquished Creatures (others)
  A centaur (D:5)
  A killer bee (Spider:2)
  A leopard gecko zombie (D:5)
  5 fungi
  2 plants
10 creatures vanquished.

Grand Total: 927 creatures vanquished

Notes
Turn   | Place    | Note
-------+----------+-------------------------------------------
     0 | D:1      | Malhgor the Hill Orc Berserker began the quest for the Orb.
     0 | D:1      | Reached XP level 1. HP: 19/19 MP: 1/1
   155 | D:1      | Reached XP level 2. HP: 25/26 MP: 2/2
   181 | D:1      | Reached skill level 5 in Axes
   398 | D:1      | Reached XP level 3. HP: 12/31 MP: 3/3
  1416 | D:2      | Reached skill level 6 in Axes
  1594 | D:2      | Reached XP level 4. HP: 31/39 MP: 4/4
  1823 | D:2      | Noticed Sigmund
  1832 | D:2      | Killed Sigmund
  1832 | D:2      | Reached skill level 8 in Axes
  1832 | D:2      | Reached XP level 5. HP: 45/45 MP: 5/5
  1832 | D:2      | Reached XP level 6. HP: 51/51 MP: 6/6
  1837 | D:2      | Reached ** piety under Trog
  2704 | D:3      | Found a burning altar of Makhleb.
  2704 | D:3      | Found a basalt altar of Yredelemnul.
  2801 | D:3      | Reached skill level 9 in Axes
  2917 | D:4      | Found a radiant altar of Vehumet.
  2920 | D:4      | Got an ancient platinum amulet
  3070 | D:4      | Reached skill level 10 in Axes
  3070 | D:4      | Reached XP level 7. HP: 24/57 MP: 7/7
  3132 | D:3      | HP: 2/58 [poisoned by a scorpion]
  3139 | D:3      | HP: 2/58 [poisoned by a scorpion]
  3361 | D:5      | Entered Level 5 of the Dungeon
  3773 | D:4      | Reached skill level 5 in Fighting
  3860 | D:4      | Reached XP level 8. HP: 61/68 MP: 8/8
  3970 | D:4      | Reached *** piety under Trog
  4221 | D:5      | Reached skill level 5 in Armour
  4738 | D:6      | Identified the amulet "Xoimequn" {Harm *Drain rF- Str+3 Dex+4} (You found it on level 4 of the Dungeon)
  4779 | D:6      | Found a staircase to the Ecumenical Temple.
  4786 | Temple   | Entered the Ecumenical Temple
  5022 | D:5      | Reached XP level 9. HP: 74/79 MP: 9/9
  5259 | D:5      | Noticed Pikel
  5268 | D:5      | Killed Pikel
  5268 | D:5      | Reached skill level 11 in Axes
  6833 | D:7      | Reached **** piety under Trog
  7046 | D:7      | Found an iron altar of Okawaru.
  7053 | D:7      | Noticed Dowan
  7056 | D:7      | Noticed Duvessa
  7067 | D:7      | Killed Duvessa
  7067 | D:7      | Reached skill level 1 in Evocations
  7072 | D:7      | Killed Dowan
  7072 | D:7      | Reached skill level 1 in Throwing
  7246 | D:7      | Reached XP level 10. HP: 43/91 MP: 9/11
  7292 | D:8      | Found an ancient bone altar of Kikubaaqudgha.
  7406 | D:9      | Reached skill level 12 in Axes
  7427 | D:8      | Found a white marble altar of Elyvilon.
  7427 | D:8      | Found a stormy altar of Qazlal.
  8587 | D:10     | Entered Level 10 of the Dungeon
  8587 | D:10     | Noticed a death yak
  9369 | D:10     | Reached skill level 10 in Fighting
  9496 | D:10     | Noticed a spiny frog
  9516 | D:10     | Killed a death yak
  9516 | D:10     | Reached skill level 13 in Axes
  9523 | D:10     | Killed a spiny frog
  9536 | D:10     | Reached XP level 11. HP: 23/100 MP: 13/13
  9648 | D:10     | Reached ***** piety under Trog
  9680 | D:10     | Found a staircase to the Lair.
  9700 | Lair:1   | Entered Level 1 of the Lair of Beasts
  9719 | Lair:1   | Got a vibrating iron ring
  9721 | Lair:1   | Identified the ring of Etynit {rCorr rElec rF- Str+9 Dex+3} (You found it on level 1 of the Lair of Beasts)
  9790 | D:10     | Noticed Thrillho's ghost (journeyman DEFE)
  9809 | D:10     | Killed Thrillho's ghost
 10534 | D:11     | Received a gift from Trog
 10972 | D:12     | Noticed a manticore
 10986 | D:12     | Killed a manticore
 10986 | D:12     | Reached skill level 14 in Axes
 11002 | D:12     | Noticed a hill giant
 11051 | D:12     | Noticed a hill giant
 11059 | D:12     | Killed a hill giant
 11111 | D:13     | Noticed a centaur warrior
 11116 | D:13     | Killed a centaur warrior
 11334 | D:12     | Noticed a manticore
 11342 | D:12     | Killed a manticore
 11342 | D:12     | Reached skill level 5 in Evocations
 11342 | D:12     | Reached XP level 12. HP: 101/110 MP: 15/15
 11410 | D:12     | Found a staircase to the Orcish Mines.
 11414 | D:12     | Found a roughly hewn altar of Beogh.
 11426 | D:12     | Reached skill level 5 in Throwing
 11605 | D:12     | Gained mutation: You have a pair of small horns on your head. [potion of mutation]
 11605 | D:12     | Gained mutation: You are robust. (+10% HP) [potion of mutation]
 11605 | D:12     | Gained mutation: You possess an exceptional clarity of mind. [potion of mutation]
 11660 | D:12     | Reached skill level 10 in Armour
 11900 | D:13     | Reached skill level 15 in Axes
 11993 | D:12     | Found Yrutiuh's Food Shop.
 12314 | D:14     | Reached skill level 5 in Dodging
 12347 | D:13     | Found Veubb's Antique Weapon Emporium.
 12388 | D:14     | Received a gift from Trog
 12444 | D:13     | Noticed a vault guard
 12460 | D:13     | Killed a vault guard
 12467 | D:13     | Found a gate to the Vaults.
 12957 | D:14     | Noticed a tengu warrior
 13013 | D:14     | Received a gift from Trog
 13019 | D:14     | Killed a tengu warrior
 13019 | D:14     | Reached XP level 13. HP: 100/128 MP: 17/17
 13130 | D:14     | Reached skill level 16 in Axes
 13543 | D:14     | Identified a scroll of acquirement
 13756 | D:14     | Lost mutation: You have a pair of small horns on your head. [potion of cure mutation]
 13756 | D:14     | Lost mutation: You are robust. (+10% HP) [potion of cure mutation]
 13756 | D:14     | Lost mutation: You possess an exceptional clarity of mind. [potion of cure mutation]
 13981 | D:15     | Entered Level 15 of the Dungeon
 14321 | D:15     | Found a sparkling altar of Nemelex Xobeh.
 14332 | D:15     | Noticed Nessos
 14372 | D:15     | Killed Nessos
 14416 | D:15     | Reached skill level 17 in Axes
 14622 | D:15     | Received a gift from Trog
 14668 | D:15     | Reached XP level 14. HP: 58/127 MP: 9/19
 14847 | D:15     | Found Yschaclao's Antique Weapon Shoppe.
 15139 | D:15     | Found a staircase to the Depths.
 15146 | D:15     | Reached skill level 18 in Axes
 16265 | Lair:2   | Found a hole to the Spider Nest.
 16274 | Lair:2   | Received a gift from Trog
 16601 | Lair:2   | Noticed Sonja
 16646 | Lair:2   | Killed Sonja
 16795 | Lair:2   | Found a staircase to the Swamp.
 17415 | Lair:3   | Noticed Harold
 17426 | Lair:3   | Killed Harold
 18352 | Lair:4   | Noticed Josephine
 18353 | Lair:4   | Received a gift from Trog
 18358 | Lair:4   | Killed Josephine
 18358 | Lair:4   | Reached XP level 15. HP: 118/137 MP: 20/20
 18365 | Lair:4   | Reached skill level 19 in Axes
 18474 | Lair:5   | Found a sparkling altar of Nemelex Xobeh.
 18905 | Lair:5   | Reached ****** piety under Trog
 18920 | Lair:5   | Received a gift from Trog
 18968 | Lair:6   | Entered Level 6 of the Lair of Beasts
 19447 | Lair:5   | Found a staircase to the Slime Pits.
 20027 | Lair:6   | Received a gift from Trog
 20212 | Lair:6   | Received a gift from Trog
 20523 | Lair:6   | Found a burning altar of Makhleb.
 20709 | Lair:6   | Reached skill level 20 in Axes
 20722 | Lair:6   | Received a gift from Trog
 20796 | Lair:6   | Found a gateway to Hell.
 21012 | Lair:6   | Reached skill level 15 in Fighting
 21296 | Orc:1    | Entered Level 1 of the Orcish Mines
 21708 | Orc:2    | Entered Level 2 of the Orcish Mines
 21708 | Orc:2    | Found a staircase to the Elven Halls.
 22243 | Orc:2    | Received a gift from Trog
 22245 | Orc:2    | Reached XP level 16. HP: 149/149 MP: 21/21
 22337 | Orc:2    | Found Wonoad's Antique Armour Emporium.
 22655 | Orc:2    | Found Ixoig's Magic Scroll Emporium.
 22656 | Orc:2    | Found Kiol's Armour Shop.
 22656 | Orc:2    | Found Turodet's Antique Armour Shop.
 22828 | Orc:2    | Bought a smoking plate armour for 784 gold pieces
 22828 | Orc:2    | Identified the +4 plate armour of the Farrier {Str+2 Dex+4} (You bought it in a shop on level 2 of the Orcish Mines)
 23108 | Elf:1    | Entered Level 1 of the Elven Halls
 23313 | Spider:1 | Entered Level 1 of the Spider Nest
 23810 | Spider:1 | Noticed Rupert
 23818 | Spider:1 | Killed Rupert
 23916 | Spider:1 | Received a gift from Trog
 23920 | Spider:1 | Got a faintly glowing war axe {god gift}
 23939 | Spider:1 | Identified the +9 war axe "Cefeec" {flame, MR+} (Trog gifted it to you on level 1 of the Spider Nest)
 24069 | Spider:1 | Noticed Donald
 24079 | Spider:1 | Killed Donald
 24079 | Spider:1 | Reached skill level 21 in Axes
 24438 | Spider:2 | Noticed Kirke
 24442 | Spider:2 | Reached skill level 1 in Shields
 24453 | Spider:2 | Killed Kirke
 24472 | Spider:2 | Reached skill level 10 in Dodging
 24475 | Spider:2 | Noticed Arachne
 24652 | Spider:2 | Killed Arachne
 24700 | Spider:2 | Received a gift from Trog
 24852 | Spider:2 | Reached XP level 17. HP: 17/158 MP: 22/22
 25144 | Spider:2 | Reached skill level 5 in Shields
 25162 | Spider:2 | Received a gift from Trog
 25885 | Lair:2   | Got a translucent cloak
 25891 | Lair:2   | Identified the +2 cloak "Axat" {Regen+ Dex+6} (You acquired it on level 2 of the Lair of Beasts)
 26126 | Spider:4 | Entered Level 4 of the Spider Nest
 26174 | Spider:4 | Noticed Chiseanne's ghost (journeyman DsWn)
 26189 | Spider:4 | Killed Chiseanne's ghost
 26254 | Spider:4 | Received a gift from Trog
 26438 | Spider:4 | Noticed Mara
 26456 | Spider:4 | Noticed Malhgor's illusion
 26462 | Spider:4 | HP: 10/241 [Malhgor's illusion[Mara] (13)]
 26462 | Spider:4 | Mangled by Mara

Skill      XL: |  1  2  3  4  5  6  7  8  9 10 11 12 13 14 15 16 17 |
---------------+----------------------------------------------------+-----
Axes           | 5 6 8 10 11 13 14 15 17 18 20 21 | 21.0
Fighting       | 5 7 9 10 11 12 13 15 16 17 | 17.0
Armour         | 4 6 8 9 10 11 12 13 14 | 14.6
Evocations     | 1 3 5 6 |  6.6
Throwing       | 1 3 4 6 |  6.4
Dodging        | 3 4 5 6 7 9 10 | 10.6
Shields        | 4 8 |  8.1

Action                   |  1- 3 |  4- 6 |  7- 9 | 10-12 | 13-15 | 16-18 || total
-------------------------+-------+-------+-------+-------+-------+-------++-------
Melee: Hand axe          |    99 |   129 |   242 |       |       |       ||   470
       Battleaxe         |       |       |   205 |   574 |       |       ||   779
       Headbutt          |       |       |       |    65 |    34 |       ||    99
       Executioner's axe |       |       |       |       |   761 |       ||   761
       Scythe            |       |       |       |       |    34 |       ||    34
       Broad axe         |       |       |       |       |   107 |   159 ||   266
       War axe           |       |       |       |       |       |   427 ||   427
Throw: Stone             |       |       |       |     8 |     8 |       ||    16
       Tomahawk          |       |       |       |       |       |     5 ||     5
       Javelin           |       |       |       |       |       |     2 ||     2
Invok: Berserk           |     1 |     3 |     4 |     5 |     4 |     6 ||    23
       Trog's Hand       |       |     1 |     1 |       |       |       ||     2
       Burn Spellbooks   |       |       |       |     1 |     3 |     2 ||     6
Evoke: Wand              |       |       |       |       |     8 |     1 ||     9
  Use: Potion            |       |       |       |    12 |     2 |       ||    14
       Scroll            |       |       |       |     3 |    19 |     4 ||    26
  Eat: Chunk             |     3 |     7 |    19 |    23 |    34 |    11 ||    97
       Beef jerky        |       |       |       |       |     1 |       ||     1
       Bread ration      |       |       |       |       |       |     1 ||     1
       Meat ration       |       |       |       |       |       |     1 ||     1
Armor: Animal skin       |    16 |       |       |       |       |       ||    16
       Scale mail        |     6 |    51 |    18 |       |       |       ||    75
       Chain mail        |       |       |   208 |   145 |       |       ||   353
       Plate armour      |       |       |       |   295 |   615 |   419 ||  1329
Dodge: Dodged            |    61 |    67 |   167 |   267 |   619 |   476 ||  1657
Block: Shield            |       |       |       |       |       |   331 ||   331
       Reflection        |       |       |       |       |       |     1 ||     1
